 Dungeon Sprint DCSS version 0.16-a0-3781-g2316936 (webtiles) character file.

16471 BluebellGnoll the Eclecticist (level 12, -5/66 HPs)
             Began as an Octopode Ice Elementalist on Jan 25, 2015.
             Was the Champion of Vehumet.
             Slain by an Executioner (20 damage)
             ... summoned by a lich
             ... in the Dungeon (Sprint IX: "|||||||||||||||||||||||||||||").
             The game lasted 00:50:08 (3340 turns).

BluebellGnoll the Eclecticist (OpIE)                Turns: 3340, Time: 00:50:09

Health: -5/66      AC: 13    Str:  7    XL:     12   Next: 37%
Magic:  15/37      EV: 21    Int: 24    God:    Vehumet [******]
Gold:   3          SH:  0    Dex: 14    Spells: 11 memorised, 6 levels left

rFire  . . .     SeeInvis +     o - staff of energy
rCold  + . .     Clarity  .     (no shield)
rNeg   . . .     SustAb   .     (helmet restricted)
rPois  .         Gourm    .     (no amulet)
rElec  .         Spirit   .     r - +3 ring of intelligence
rCorr  .         Warding  .     s - +2 ring of protection
rMut   .         NoTele   +     N - ring of protection from fire
MR     .....                    K - ring of see invisible
Stlth  ++++++....               L - ring of ice
                                (no ring)
                                (no ring)
                                (no ring)

@: icy armour (expiring), not resistant to hostile enchantments, very stealthy
A: almost no armour, amphibious, 8 rings, constrict 8, camouflage 1, gelatinous
body 1
a: Renounce Religion


You were in the Dungeon.
You worshipped Vehumet.
Vehumet was exalted by your worship.
You were not hungry.

You visited 1 branch You collected 1919 gold pieces.
You spent 1916 gold pieces at shops.

Inventory:

Hand weapons
 m - a +2 halberd of protection
 q - a +3 war axe of chopping
 t - a +2 rapier of venom
Missiles
 a - 4 javelins
 B - 7 tomahawks (quivered)
 H - 4 throwing nets
Magical staves
 o - an uncursed staff of energy (weapon)
Jewellery
 r - a +3 ring of intelligence (left tentacle)
 s - a +2 ring of protection (right tentacle)
 K - a ring of see invisible (on tentacle)
 L - a ring of ice (on tentacle)
 M - an uncursed ring of fire
 N - a ring of protection from fire (on tentacle)
Magical devices
 k - a wand of fire (2)
 y - a wand of slowing (22)
 F - a wand of flame (7)
 I - a wand of polymorph (16)
Scrolls
 h - 4 scrolls of remove curse
 i - 7 scrolls of blinking
 j - 2 scrolls of amnesia
 w - 3 scrolls of fog
 x - 2 scrolls of identify
 Q - 2 scrolls of recharging
 R - 2 scrolls of enchant armour
Potions
 d - 6 potions of curing
 e - a potion of invisibility
 f - 6 potions of heal wounds
 g - 3 potions of magic
 u - 3 potions of cure mutation
 v - a potion of might
 O - a potion of berserk rage
 P - a potion of brilliance
Books
 b - a book of Frost

   Spells                             Type                      Level
   a - Freeze                         Ice                          1
   b - Throw Frost                    Conjuration/Ice              2
   c - Ozocubu's Armour               Charms/Ice                   3
   d - Throw Icicle                   Conjuration/Ice              4
   e - Summon Ice Beast               Ice/Summoning                4
   f - Condensation Shield            Ice                          4
 C - a book of Power

   Spells                             Type                      Level
   a - Fulminant Prism                Conjuration/Hexes            4
   b - Iskenderun's Mystic Blast      Conjuration                  4
   c - Venom Bolt                     Conjuration/Poison           5
   d - Bolt of Magma                  Conjuration/Fire/Earth       5
   e - Iron Shot                      Conjuration/Earth            6
   f - Orb of Destruction             Conjuration                  7
   g - Spellforged Servitor           Conjuration/Summoning        7
 D - a book of Maledictions

   Spells                             Type                      Level
   a - Corona                         Hexes                        1
   b - Sure Blade                     Hexes/Charms                 2
   c - Ensorcelled Hibernation        Hexes/Ice                    2
   d - Confuse                        Hexes                        3
   e - Dazzling Spray                 Conjuration/Hexes            3
   f - Enslavement                    Hexes                        4
 E - a Young Poisoner's Handbook

   Spells                             Type                      Level
   a - Sting                          Conjuration/Poison           1
   b - Cure Poison                    Poison                       2
   c - Mephitic Cloud                 Conjuration/Poison/Air       3
   d - Olgreb's Toxic Radiance        Poison                       4
   e - Venom Bolt                     Conjuration/Poison           5
Comestibles
 c - 13 bread rations
 l - 10 chunks of flesh
 z - 38 fruits
 A - 12 meat rations


   Skills:
 - Level 14.2 Dodging
 - Level 9.4 Stealth
 + Level 19.5 Spellcasting
 - Level 7.8 Conjurations
 - Level 12.9 Ice Magic


You had 6 spell levels left.
You knew the following spells:

 Your Spells              Type           Power        Failure   Level  Hunger
a - Freeze                Ice            ####         0%          1    None
b - Throw Frost           Conj/Ice       ######       1%          2    None
c - Ozocubu's Armour      Chrm/Ice       ######..     1%          3    None
d - Fulminant Prism       Conj/Hex       #####.....   1%          4    None
e - Throw Icicle          Conj/Ice       #######.     1%          4    None
f - Summon Ice Beast      Ice/Summ       ######..     1%          4    None
g - Mephitic Cloud        Conj/Pois/Air  #####...     1%          3    None
h - Bolt of Cold          Conj/Ice       #######...   1%          6    None
i - Iskenderun's Battles  Conj/Chrm      #####...     4%          5    None
j - Ozocubu's Refrigerat  Ice            #######...   1%          6    None
l - Freezing Cloud        Conj/Ice/Air   ######....   5%          6    None


Dungeon Overview and Level Annotations

Branches:
Dungeon (1/1)

Altars:
Cheibriados
Dithmenos
Elyvilon
Fedhas
Gozag
Kikubaaqudgha
Makhleb
Nemelex Xobeh
Okawaru
Qazlal
Ru
Sif Muna
Trog
Vehumet
Xom
Yredelemnul
Zin
The Shining One
Beogh
Jiyva
Lugonu

Shops:
D ?:(:


Innate Abilities, Weirdness & Mutations

You cannot wear most types of armour.
You are amphibious.
You can wear up to eight rings at the same time.
You can use your tentacles to constrict many enemies at once.
Your skin changes colour to match your surroundings (Stealth).
Your rubbery body absorbs attacks (AC +1).


Message History

Confirm with . or Enter, or press ? or * to list all spells.
Aiming: Bolt of Cold
Press: ? - help, Shift-Dir - straight line, f/p - Executioner
Aim: an Executioner (freezing vapour, heavily wounded, fast, summoned)
You feel a surge of power!
The bolt of cold hits the Executioner.
The Executioner resists.
The Executioner is almost dead.
The bolt of cold misses the lich.
You are engulfed in freezing vapours.
You resist.
The Executioner is engulfed in freezing vapours.
The Executioner hits you.
The Executioner hits you but does no damage.
The Executioner closely misses you. The Executioner hits you!!
The Executioner hits you.
* * * LOW HITPOINT WARNING * * *
The Executioner hits you.
* * * LOW HITPOINT WARNING * * *
The ice dragon is engulfed in freezing vapours.
The Executioner hits you!!
You die...

...%.....'.........)(.'..[[[[..'.
▓▓▓▓▓▓▓▓▓▓▓▓▓▓▓▓▓▓▓▓▓▓▓▓▓▓▓▓▓▓▓▓▓
.)...............................
▓▓▓▓▓▓▓▓▓▓▓▓▓▓▓▓▓▓▓▓▓▓▓▓▓▓▓▓▓▓▓▓▓
.......[)))).)∩.∩.∩)∩...).'......
▓▓▓▓▓▓▓▓▓▓▓▓▓▓▓▓▓▓▓▓▓▓▓▓▓▓▓▓▓▓▓▓▓
.....).........[.........).......
▓▓▓▓▓▓▓▓▓▓▓▓▓▓▓▓▓▓▓▓▓▓▓▓▓▓▓▓▓▓▓▓▓
...[......'.)...@1§§§L§D§§+,,,,,,
▓▓▓▓▓▓▓▓▓▓▓▓▓▓▓▓▓▓▓▓▓▓▓▓▓********
,,,,,,,,,,,,,,,,,,,,,,,,,,,,,,,,,
*********************************
,,,+,,,,,,,,,+,,,,,,,,,+,,,,,,,,,
*********************************
,,,,,,,,,,,,,,,,,,,,,,,,,,,,,,,,,
*********************************
,,,,+,,,,,,,,,,,,,,,,,,,,,+,,,,,,


You could see an ice dragon, a lich and an Executioner.

Vanquished Creatures
  An emperor scorpion (D)
  2 fire dragons (D)
  Harold (D)
  A deep troll earth mage (D)
  Urug (D)
  Erolcha (D)
  A hill giant (D)
  2 orc knights (D)
  7 orc sorcerers (D)
  A cyclops (D)
  An elephant (D)
  Psyche (D)
  2 komodo dragons (D)
  A yaktaur (D)
  3 giant leeches (D)
  A troll (D)
  A slime creature (D)
  A basilisk (D)
  2 vampire mosquitoes (D)
  Eustachio (D)
  Grum (D)
  3 wolves (D)
  A water moccasin (D)
  2 ogres (D)
  14 orc warriors (D)
  An ice beast (D)
  2 orc zombies (D)
  A crocodile (D)
  2 orc skeletons (D)
  A brain worm (D)
  5 giant frogs (D)
  A wight (D)
  A goliath beetle (D)
  A crimson imp (D)
  4 jellies (D)
  An iguana (D)
  A worker ant (D)
  10 orc wizards (D)
  2 adders (D)
  2 river rats (D)
  A worm (D)
  5 orcs (D)
  A bat (D)
  A giant cockroach (D)
  A hobgoblin (D)
  A quokka (D)
  A giant spore (D)
  A kobold (D)
  2 rats (D)
  2 ballistomycetes (D)
104 creatures vanquished.

Vanquished Creatures (collateral kills)
  A black mamba (D)
  A gargoyle (D)
  A polar bear (D)
  A yak (D)
  2 orc warriors (D)
  A crocodile (D)
  A giant frog (D)
  A sheep (D)
  An orc (D)
10 creatures vanquished.

Vanquished Creatures (others)
  13 ice beasts (D)
  A plant (D)
14 creatures vanquished.

Grand Total: 128 creatures vanquished

Notes
Turn   | Place    | Note
--------------------------------------------------------------
     0 | D        | BluebellGnoll, the Octopode Ice Elementalist, began the quest for the Orb.
     0 | D        | Reached XP level 1. HP: 11/11 MP: 3/3
    80 | D        | Noticed an ogre
    80 | D        | Noticed an ogre
    92 | D        | Killed an ogre
    92 | D        | Reached skill level 8 in Spellcasting
    92 | D        | Reached XP level 2. HP: 10/17 MP: 5/13
    92 | D        | Reached XP level 3. HP: 12/21 MP: 6/16
    92 | D        | Reached XP level 4. HP: 15/27 MP: 6/18
   103 | D        | Learned a level 2 spell: Throw Frost
   107 | D        | Learned a level 3 spell: Ozocubu's Armour
   112 | D        | Learned a level 4 spell: Throw Icicle
   117 | D        | Learned a level 4 spell: Summon Ice Beast
   287 | D        | Killed an ogre
   287 | D        | Reached XP level 5. HP: 3/31 MP: 13/20
   317 | D        | Found a glowing silver altar of Zin.
   317 | D        | Found a glowing golden altar of the Shining One.
   317 | D        | Found an ancient bone altar of Kikubaaqudgha.
   317 | D        | Found a basalt altar of Yredelemnul.
   317 | D        | Found a shimmering altar of Xom.
   317 | D        | Found a radiant altar of Vehumet.
   317 | D        | Found an iron altar of Okawaru.
   318 | D        | Found a burning altar of Makhleb.
   319 | D        | Found a deep blue altar of Sif Muna.
   320 | D        | Found a bloodstained altar of Trog.
   321 | D        | Found a sparkling altar of Nemelex Xobeh.
   322 | D        | Found a white marble altar of Elyvilon.
   323 | D        | Found a roughly hewn altar of Beogh.
   324 | D        | Found a viscous altar of Jiyva.
   325 | D        | Found a corrupted altar of Lugonu.
   327 | D        | Became a worshipper of Vehumet
   329 | D        | Found a blossoming altar of Fedhas.
   330 | D        | Found a snail-covered altar of Cheibriados.
   331 | D        | Found a shadowy altar of Dithmenos.
   332 | D        | Found a stormy altar of Qazlal.
   333 | D        | Found an opulent altar of Gozag.
   334 | D        | Found a sacrificial altar of Ru.
   585 | D        | Noticed a jelly
   585 | D        | Noticed an orc warrior
   585 | D        | Noticed a goliath beetle
   585 | D        | Noticed a jelly
   586 | D        | Killed a jelly
   589 | D        | Killed an orc warrior
   589 | D        | Acquired Vehumet's first power
   589 | D        | Offered knowledge of Magic Dart by Vehumet.
   589 | D        | Reached XP level 6. HP: 16/36 MP: 14/21
   653 | D        | Killed a goliath beetle
   653 | D        | Reached skill level 5 in Conjurations
   653 | D        | Reached skill level 9 in Ice Magic
   656 | D        | Killed a jelly
   711 | D        | Noticed a gargoyle
   711 | D        | Noticed a vampire mosquito
   711 | D        | Noticed a worker ant
   711 | D        | Noticed a wight
   711 | D        | Noticed a crimson imp
   711 | D        | Noticed a slime creature
   713 | D        | Killed a worker ant
   713 | D        | Reached skill level 10 in Ice Magic
   713 | D        | Killed a wight
   713 | D        | Reached XP level 7. HP: 35/41 MP: 23/23
   716 | D        | Killed a gargoyle
   716 | D        | Reached skill level 11 in Ice Magic
   721 | D        | Killed a vampire mosquito
   721 | D        | Reached skill level 12 in Ice Magic
   766 | D        | Killed a slime creature
   766 | D        | Offered knowledge of Throw Flame by Vehumet.
   766 | D        | Reached XP level 8. HP: 24/46 MP: 18/24
   768 | D        | Killed a crimson imp
   768 | D        | Acquired Vehumet's second power
   914 | D        | Noticed a crocodile
   914 | D        | Noticed a komodo dragon
   914 | D        | Noticed a crocodile
   914 | D        | Noticed a komodo dragon
   914 | D        | Noticed a giant frog
   914 | D        | Noticed a basilisk
   920 | D        | Killed a crocodile
   920 | D        | Offered knowledge of Static Discharge by Vehumet.
   926 | D        | Killed a komodo dragon
   928 | D        | Killed a crocodile
   930 | D        | Killed a komodo dragon
   930 | D        | Acquired Vehumet's third power
   943 | D        | Killed a giant frog
   943 | D        | Reached XP level 9. HP: 46/51 MP: 6/25
  1009 | D        | Noticed an iguana
  1009 | D        | Killed a basilisk
  1011 | D        | Killed an iguana
  1088 | D        | Noticed a black mamba
  1088 | D        | Noticed a polar bear
  1088 | D        | Noticed an elephant
  1088 | D        | Noticed a giant frog
  1088 | D        | Noticed a wolf
  1088 | D        | Noticed a yak
  1089 | D        | Offered knowledge of Fulminant Prism by Vehumet.
  1094 | D        | Killed a black mamba
  1094 | D        | Reached skill level 10 in Spellcasting
  1099 | D        | Killed a polar bear
  1110 | D        | Killed an elephant
  1112 | D        | Killed a giant frog
  1114 | D        | Killed a wolf
  1122 | D        | Killed a yak
  1153 | D        | Noticed a water moccasin
  1160 | D        | Killed a water moccasin
  1178 | D        | HP: 2/51 [poisoned by a water moccasin]
  1421 | D        | Learned a level 4 spell: Fulminant Prism
  1432 | D        | Noticed a giant leech
  1432 | D        | Noticed a vampire mosquito
  1432 | D        | Noticed a giant frog
  1432 | D        | Noticed a giant frog
  1432 | D        | Noticed a giant frog
  1432 | D        | Noticed a giant frog
  1432 | D        | Noticed a giant leech
  1448 | D        | Killed a giant leech
  1448 | D        | Offered knowledge of Iskenderun's Battlesphere by Vehumet.
  1449 | D        | Killed a vampire mosquito
  1450 | D        | Killed a giant frog
  1450 | D        | Reached XP level 10. HP: 39/56 MP: 13/31
  1451 | D        | Killed a giant frog
  1451 | D        | Reached skill level 13 in Spellcasting
  1453 | D        | Killed a giant frog
  1509 | D        | Killed a giant frog
  1520 | D        | Killed a giant leech
  1521 | D        | Noticed a giant leech
  1527 | D        | Killed a giant leech
  1636 | D        | Noticed a wolf
  1643 | D        | Learned a level 5 spell: Iskenderun's Battlesphere
  1648 | D        | Killed a wolf
  1648 | D        | Offered knowledge of Lee's Rapid Deconstruction by Vehumet.
  1648 | D        | Reached skill level 10 in Dodging
  1651 | D        | Noticed Grum
  1654 | D        | Noticed a wolf
  1657 | D        | Killed Grum
  1659 | D        | Killed a wolf
  1722 | D        | Noticed Erolcha
  1731 | D        | Killed Erolcha
  1803 | D        | Noticed an orc wizard
  1803 | D        | Noticed an orc wizard
  1805 | D        | Noticed an orc warrior
  1805 | D        | Killed an orc wizard
  1816 | D        | Noticed an orc warrior
  1826 | D        | Killed an orc warrior
  1829 | D        | Killed an orc warrior
  1830 | D        | Killed an orc wizard
  1834 | D        | Offered knowledge of Airstrike by Vehumet.
  1868 | D        | Noticed an orc warrior
  1871 | D        | Killed an orc warrior
  1873 | D        | Noticed an orc warrior
  1876 | D        | Killed an orc warrior
  1877 | D        | Noticed an orc wizard
  1877 | D        | Killed an orc wizard
  1879 | D        | Noticed an orc wizard
  1882 | D        | Killed an orc wizard
  1926 | D        | Noticed an orc warrior
  1926 | D        | Noticed an orc warrior
  1926 | D        | Noticed an orc warrior
  1926 | D        | Noticed an orc warrior
  1926 | D        | Noticed an orc warrior
  1926 | D        | Noticed an orc warrior
  1931 | D        | Killed an orc warrior
  1935 | D        | Noticed an orc warrior
  1937 | D        | Killed an orc warrior
  1940 | D        | Killed an orc warrior
  1941 | D        | Noticed an orc knight
  1945 | D        | Noticed an orc warrior
  1946 | D        | Killed an orc warrior
  1953 | D        | Killed an orc warrior
  1964 | D        | Killed an orc knight
  1966 | D        | Killed an orc warrior
  2007 | D        | Killed an orc warrior
  2007 | D        | Reached skill level 14 in Dodging
  2029 | D        | Killed an orc warrior
  2029 | D        | Offered knowledge of Bolt of Cold by Vehumet.
  2041 | D        | Learned a level 6 spell: Bolt of Cold
  2111 | D        | Noticed an orc warrior
  2114 | D        | Killed an orc warrior
  2119 | D        | Noticed an orc warrior
  2122 | D        | Killed an orc warrior
  2215 | D        | Found Fyunec's Magic Scroll Emporium.
  2215 | D        | Noticed an orc sorcerer
  2215 | D        | Noticed an orc wizard
  2215 | D        | Noticed an orc sorcerer
  2215 | D        | Noticed an orc wizard
  2215 | D        | Noticed an orc sorcerer
  2215 | D        | Noticed an orc wizard
  2216 | D        | Killed an orc wizard
  2216 | D        | Reached XP level 11. HP: 61/61 MP: 26/32
  2217 | D        | Killed an orc sorcerer
  2217 | D        | Reached skill level 5 in Stealth
  2217 | D        | Killed an orc sorcerer
  2218 | D        | Noticed an orc sorcerer
  2218 | D        | Killed an orc wizard
  2219 | D        | Killed an orc sorcerer
  2220 | D        | Killed an orc wizard
  2223 | D        | Killed an orc sorcerer
  2223 | D        | Reached skill level 15 in Spellcasting
  2248 | D        | Found Acoulloe's Book Shoppe.
  2259 | D        | Found Blarrozu's Weapon Emporium.
  2262 | D        | Noticed an orc wizard
  2264 | D        | Killed an orc wizard
  2265 | D        | Noticed an orc sorcerer
  2268 | D        | Killed an orc sorcerer
  2268 | D        | Offered knowledge of Ozocubu's Refrigeration by Vehumet.
  2269 | D        | Noticed an orc sorcerer
  2272 | D        | Noticed an orc sorcerer
  2273 | D        | Noticed a soul eater
  2273 | D        | Killed an orc sorcerer
  2278 | D        | Killed an orc sorcerer
  2343 | D        | Found Bamuam's Book Shoppe.
  2350 | D        | Noticed an orc wizard
  2353 | D        | Killed an orc wizard
  2355 | D        | Noticed an orc wizard
  2361 | D        | Learned a level 6 spell: Ozocubu's Refrigeration
  2362 | D        | Killed an orc wizard
  2410 | D        | Bought a book of Power for 540 gold pieces
  2410 | D        | Bought a book of Maledictions for 300 gold pieces
  2410 | D        | Bought a Young Poisoner's Handbook for 480 gold pieces
  2414 | D        | Learned a level 3 spell: Mephitic Cloud
  2416 | D        | Bought a scroll of recharging for 123 gold pieces
  2416 | D        | Bought 2 scrolls of blinking for 195 gold pieces
  2416 | D        | Bought a scroll of blinking for 97 gold pieces
  2416 | D        | Bought a scroll of blinking for 97 gold pieces
  2416 | D        | Bought a scroll of magic mapping for 45 gold pieces
  2416 | D        | Bought a scroll of identify for 26 gold pieces
  2416 | D        | Bought a scroll of random uselessness for 13 gold pieces
  2445 | D        | Noticed Urug
  2459 | D        | Killed Urug
  2459 | D        | Offered knowledge of Conjure Ball Lightning by Vehumet.
  2459 | D        | Reached skill level 16 in Spellcasting
  2509 | D        | Noticed Psyche
  2514 | D        | Killed Psyche
  2534 | D        | Noticed Harold
  2559 | D        | Killed Harold
  2592 | D        | Noticed Eustachio
  2600 | D        | Killed Eustachio
  2813 | D        | Noticed a brain worm
  2813 | D        | Noticed an orc warrior
  2813 | D        | Noticed an orc knight
  2813 | D        | Noticed a fire dragon
  2813 | D        | Noticed a jelly
  2813 | D        | Noticed a cyclops
  2813 | D        | Noticed an ice beast
  2815 | D        | Killed a brain worm
  2815 | D        | Killed an orc warrior
  2815 | D        | Reached skill level 17 in Spellcasting
  2832 | D        | Killed an orc knight
  2851 | D        | Killed a fire dragon
  2889 | D        | Killed a jelly
  2891 | D        | Killed a jelly
  2965 | D        | Killed a cyclops
  2965 | D        | Reached XP level 12. HP: 37/66 MP: 18/36
  2997 | D        | Killed an ice beast
  3036 | D        | Noticed a deep troll earth mage
  3044 | D        | Killed a deep troll earth mage
  3044 | D        | Reached skill level 18 in Spellcasting
  3052 | D        | Noticed a troll
  3058 | D        | Killed a troll
  3058 | D        | Offered knowledge of Freezing Cloud by Vehumet.
  3066 | D        | Learned a level 6 spell: Freezing Cloud
  3119 | D        | Noticed a fire dragon
  3125 | D        | Killed a fire dragon
  3184 | D        | Noticed a hill giant
  3189 | D        | Killed a hill giant
  3235 | D        | Noticed an emperor scorpion
  3305 | D        | Noticed a yaktaur
  3307 | D        | Killed a yaktaur
  3307 | D        | Reached skill level 19 in Spellcasting
  3310 | D        | Killed an emperor scorpion
  3336 | D        | Noticed a lich
  3337 | D        | Noticed an Executioner
  3339 | D        | Noticed an ice dragon
  3340 | D        | Slain by an Executioner

Action                   |  1- 3 |  4- 6 |  7- 9 | 10-12 || total
-------------------------+-------+-------+-------+-------++-------
Melee: Unarmed           |    19 |       |       |       ||    19
       Halberd           |       |     7 |     8 |    16 ||    31
 Cast: Freeze            |     3 |     7 |     2 |    24 ||    36
       Throw Frost       |       |    13 |     8 |    52 ||    73
       Ozocubu's Armour  |       |     3 |     5 |    20 ||    28
       Summon Ice Beast  |       |     3 |     6 |     8 ||    17
       Throw Icicle      |       |     7 |    34 |    60 ||   101
       Iskenderun's Batt |       |       |       |    25 ||    25
       Bolt of Cold      |       |       |       |    26 ||    26
       Mephitic Cloud    |       |       |       |     5 ||     5
       Freezing Cloud    |       |       |       |     2 ||     2
Evoke: Wand              |       |     2 |     4 |     1 ||     7
       Staff of energy   |       |    19 |    41 |   185 ||   245
  Use: Potion            |     2 |     2 |     1 |       ||     5
       Scroll            |       |       |       |     3 ||     3
  Eat: Chunk             |       |     2 |     4 |    16 ||    22
       Fruit             |       |       |       |     2 ||     2
